 Dungeon Crawl Stone Soup version 0.31-a0-968-g24f9ace8b5 (webtiles) character file.

Game seed: 12807998137906891384

628 sokol815 the Sneak (level 7, -5/49 HPs)
             Began as an Octopode Brigand on Oct 28, 2023.
             Slain by a gnoll bouda
             ... wielding a +0 club
              (10 damage)
             ... on level 4 of the Dungeon.
             The game lasted 00:10:23 (3345 turns).

sokol815 the Sneak (Octopode Brigand)               Turns: 3345, Time: 00:10:23

Health: -5/49      AC:  1    Str: 11    XL:     7   Next: 48%
Magic:  7/7        EV: 14    Int: 19    God:
Gold:   157        SH:  0    Dex: 15    Spells: 6/6 levels left

rFire   . . .        a - +2 dagger
rCold   . . .        (no shield)
rNeg    . . .        (helmet restricted)
rPois   .            n - amulet of regeneration
rElec   .            I - +6 ring of intelligence
rCorr   .            (no ring)
SInv    .            (no ring)
Will    .....        (no ring)
Stlth   ++++         (no ring)
HPRegen 1.08/turn    (no ring)
MPRegen 0.10/turn    (no ring)
                     (no ring)

%: no passive effects
@: weakened
A: almost no armour, amphibious, 8 rings, camouflage 1, gelatinous body 1,
(nimble swimmer 1), tentacles
a: no special abilities


You were on level 4 of the Dungeon.
You visited 1 branch of the dungeon, and saw 4 of its levels.

You collected 157 gold pieces.

Inventory:

Hand Weapons
 a - a +2 dagger (weapon)
 k - a +0 halberd
   (You took it off a gnoll on level 2 of the Dungeon)
Missiles
 b - 27 poisoned darts
 c - 3 curare-tipped darts
 p - 3 boomerangs
 s - 36 stones
Magical Staves
 g - a staff of air {rElec}
   (You found it on level 2 of the Dungeon)
Jewellery
 n - an amulet of regeneration (around mantle)
   (You found it on level 2 of the Dungeon)
 I - a +6 ring of intelligence (left tentacle)
   (You found it on level 3 of the Dungeon)
Talismans
 e - a flux talisman
   (You found it on level 1 of the Dungeon)
 l - a beast talisman
   (You found it on level 3 of the Dungeon)
Wands
 h - a wand of acid (9)
   (You took it off Ijyb on level 4 of the Dungeon)
Scrolls
 d - a scroll of amnesia
 f - a scroll of revelation {unknown}
 j - a scroll of poison {unknown}
 m - a scroll of acquirement {unknown}
 q - 2 scrolls of fog
 D - a scroll of blinking {!r}
 E - a scroll of fear
 Y - a scroll of teleportation {@r3}
Potions
 G - a potion of ambrosia {!q}
 H - 2 potions of haste
 R - 2 potions of resistance


   Skills:
 + Level 4.7 Fighting
 + Level 4.6 Short Blades
 - Level 2.0 Throwing
 + Level 4.0 Dodging
 - Level 5.3 Stealth
 * Level 2.6 Evocations


You had 6 spell levels left.
You didn't know any spells.
Your spell library contained the following spells:

 Spells                   Type           Power      Damage    Failure   Level
 Magic Dart               Conj           0%         1d3       21%         1
 Searing Ray              Conj           0%         2d4       30%         2
 Fulminant Prism          Conj/Hex       0%         3d5       90%         4


Dungeon Overview and Level Annotations

Branches:
Dungeon (4/15) Zot: 20693
 Temple: D:4-7

Altars:
Uskayaw
Yredelemnul

Shops:
D:3 :*!

Annotations:
D:4 1 runed translucent door, exclusion: jelly


Innate Abilities, Weirdness & Mutations

You cannot wear most types of armour.
You are amphibious.
You can wear up to eight rings at the same time.
Your skin changes colour to match your surroundings (Stealth+).
Your rubbery body absorbs attacks. (AC +1, EV +1)
((You are camouflaged when in or above water. (Stealth+)))
You have tentacles for arms and can constrict up to eight enemies at once.


Message History

a +0 scythe; a +0 robe; the human corpse of Sigmund A giant cockroach comes into view.
You barely miss the giant cockroach. Your grab misses the giant cockroach.
The giant cockroach closely misses you.
You closely miss the giant cockroach. You grab the giant cockroach.
You squeeze the giant cockroach. You constrict the giant cockroach.
The giant cockroach bites you.
You take 2 damage, and have 47/49 hp.
You hit the giant cockroach.
You constrict the giant cockroach, but do no damage.
The giant cockroach closely misses you.
You hit the giant cockroach.
You kill the giant cockroach!
Health restored: 49 No target in view!
H - 2 potions of haste (gained 1)
You pick up a book of Conjurations and begin reading...
You add the spells Magic Dart, Searing Ray and Fulminant Prism to your library.
Okay, then.
s - 36 stones (gained 5)
You see here a +0 flail.
The gnoll shouts!
You see here a +0 flail.
You start waiting.
A gnoll is nearby!
You see here a hobgoblin skeleton.
You start waiting.
A gnoll is nearby!
The gnoll hits you from afar with a +0 halberd.
You take 4 damage, and have 45/49 hp.
The gnoll barely misses you.
Things that are here:
a +0 chain mail; a +0 club You hit the gnoll.
Your grab misses the gnoll. You squeeze the gnoll!
The gnoll closely misses you.
You hit the gnoll.
You kill the gnoll!
Things that are here:
a +0 halberd; a hobgoblin skeleton
i - 2 scrolls labelled QOITHUKUOLIBB (gained 1)
r - a scroll of identify {@r1} Health restored: 49
As you read the scroll of identify {@r1}, it crumbles to dust.
o - a scroll of blinking;
D - a scroll of blinking
As you read the scroll labelled QOITHUKUOLIBB, it crumbles to dust.
You feel strangely unstable.
It was a scroll of teleportation.
Y - a scroll of teleportation Your surroundings suddenly seem different.
An ogre is nearby!
The ogre shouts!
A gnoll bouda comes into view. It is wielding a +0 club.
You hit the ogre. The ogre barely misses you.
You barely miss the ogre. You squeeze the ogre! You barely miss the ogre.
The ogre closely misses you.
You hit the ogre.
The gnoll bouda hits you with a +0 club!
You take 9 damage, and have 40/49 hp.
You hit the ogre. You squeeze the ogre!
The ogre hits you with a +0 giant club!!
Ouch! That really hurt!
The gnoll bouda barely misses you.
You take 25 damage, and have 15/49 hp.
MASSIVE DAMAGE!!
You hit the ogre.
The gnoll bouda hits you with a +0 club!
* * * LOW HITPOINT WARNING * * *
You take 9 damage, and have 6/49 hp.
Unknown command.
You hit the ogre.
You kill the ogre!
Your Dodging skill increases to level 4!
You feel better.
The gnoll bouda hits you with a +0 club.
* * * LOW HITPOINT WARNING * * *
You regained 2 hp, and now have 9/49 hp.
You hit the gnoll bouda. You grab the gnoll bouda.
You constrict the gnoll bouda, but do no damage.
The gnoll bouda barely misses you.
You hit the gnoll bouda but do no damage.
You squeeze the gnoll bouda!
You constrict the gnoll bouda, but do no damage.
The gnoll bouda misses you.
You hit the gnoll bouda but do no damage.
You constrict the gnoll bouda, but do no damage.
You hit the gnoll bouda. You constrict the gnoll bouda.
The gnoll bouda hits you with a +0 club.
* * * LOW HITPOINT WARNING * * *
You take 3 damage, and have 8/49 hp.
You hit the gnoll bouda but do no damage.
You constrict the gnoll bouda, but do no damage.
The gnoll bouda hits you with a +0 club.
* * * LOW HITPOINT WARNING * * *
You take 4 damage, and have 4/49 hp.
You hit the gnoll bouda but do no damage.
You squeeze the gnoll bouda. You constrict the gnoll bouda.
The gnoll bouda gazes fiercely through you!
You feel your attacks grow feeble.
The gnoll bouda hits you with a +0 club!
You die...

## #..♣♣P... ## ##.#
#..♣♣PP.. ##.##..##
##..♣♣PP.
#.......####..#♣♣♣♣.
##......#.........♣♣.
##...#............##..
..♣....).#..............
♣........#..............
♣..)@...##.....##.#..
......g#######..#8......
.♣.♣..! ####.......
..#.. ####...... ..♣ ...
...#.###.. ♣ ###. #.
._.#.+p#.# ## #..
...#.###.† ....
###.....# ....###
#......#


You could see a gnoll bouda.

Vanquished Creatures
  Sigmund (D:4)
  An ogre (D:4)
  Ijyb (D:4)
  Jessica (D:2)
  Natasha (thrice) (D:2)
  An iguana (D:3)
  An orc wizard (D:3)
  7 gnolls
  3 adders
  3 worms
  A dart slug (D:4)
  11 orcs
  8 ball pythons
  6 bats
  12 endoplasms
  5 giant cockroaches
  7 goblins
  8 hobgoblins
  6 jackals
  6 kobolds
  4 quokkas
  A frilled lizard (D:2)
  4 rats
101 creatures vanquished.

Notes
Turn   | Place    | Note
-------+----------+-------------------------------------------
     0 | D:1      | sokol815 the Octopode Brigand began the quest for the Orb.
     0 | D:1      | Reached XP level 1. HP: 14/14 MP: 1/1
   102 | D:1      | Reached XP level 2. HP: 20/20 MP: 2/2
   336 | D:1      | Reached XP level 3. HP: 25/25 MP: 3/3
   837 | D:2      | Reached skill level 3 in Fighting
   871 | D:2      | Noticed Jessica
   980 | D:2      | Reached skill level 3 in Short Blades
   980 | D:2      | Reached XP level 4. HP: 30/31 MP: 4/4
  1102 | D:2      | Reached skill level 2 in Dodging
  1268 | D:2      | Noticed Natasha
  1274 | D:2      | Killed Natasha
  1275 | D:2      | Reached XP level 5. HP: 36/36 MP: 5/5
  1419 | D:2      | Noticed Natasha
  1432 | D:2      | Killed Natasha
  1539 | D:2      | Killed Jessica
  1601 | D:2      | Noticed Natasha
  1615 | D:2      | Killed Natasha
  1753 | D:3      | Found Nonum's Assorted Antiques.
  1760 | D:3      | Found Runeotiav's Distillery.
  1853 | D:3      | Reached skill level 3 in Dodging
  1864 | D:3      | Reached XP level 6. HP: 43/43 MP: 6/6
  1931 | D:3      | Reached skill level 4 in Fighting
  2104 | D:3      | Reached skill level 4 in Short Blades
  2417 | D:3      | Found Ajidirgh's Book Shop.
  2701 | D:4      | Noticed a human
  2702 | D:4      | Found a runed translucent door.
  2855 | D:4      | Noticed Ijyb
  2906 | D:4      | Killed Ijyb
  2979 | D:4      | Found a hide-covered altar of Uskayaw.
  3102 | D:4      | Found a basalt altar of Yredelemnul.
  3103 | D:4      | Noticed Sigmund
  3114 | D:4      | Killed Sigmund
  3115 | D:4      | Reached skill level 1 in Evocations
  3115 | D:4      | Reached XP level 7. HP: 49/49 MP: 7/7
  3123 | D:4      | Reached skill level 2 in Evocations
  3337 | D:4      | HP: 6/49 [gnoll bouda/+0 club (10)]
  3339 | D:4      | Reached skill level 4 in Dodging
  3343 | D:4      | HP: 8/49 [gnoll bouda/+0 club (4)]
  3345 | D:4      | Slain by a gnoll bouda

Illustrated notes

Levels and vault maps discovered:
D:1:      amcnicky_arrival_single_pillar, layout_basic
D:2:      minmay_skewed_foursquare, layout_rooms, minmay_liquid_box,
          nrook_mini_backslash, nicolae_twisty_statue_hallways, uniq_natasha,
          uniq_jessica
D:3:      layout_basic, serial_shops, shop, nicolae_book_shop_shelving, shop
D:4:      layout_cave_pools, eat_drink_and_be_merry_uskayaw,
          dk_yredelemnul_ordeal, serial_forest, infiniplex_forest_end_2,
          infiniplex_forest_lined_3_way, infiniplex_forest_clump_small,
          infiniplex_forest_fountain, infiniplex_forest_lined_ring,
          infiniplex_forest_clump_medium, infiniplex_forest_clump_long,
          infiniplex_forest_lined_2, nicolae_figureground_pulse, uniq_grinder,
          uniq_sigmund, uniq_ijyb

Skill      XL: |  1  2  3  4  5  6  7 |
---------------+----------------------+-----
Fighting       | 3 4 |  4.7
Short Blades   | 3 4 |  4.6
Dodging        | 2 3 4 |  4.0
Evocations     | 1 2 |  2.6
Throwing       | |  2.0
Stealth        | |  5.3

Action                     |  1- 3 |  4- 6 |  7- 9 || total
---------------------------+-------+-------+-------++-------
  Melee: Dagger            |    60 |   149 |    22 ||   231
         Constrict         |    12 |    37 |     2 ||    51
         Tentacles         |     4 |    46 |     8 ||    58
         Punch             |     1 |     6 |       ||     7
  Evoke: Wand              |       |     2 |       ||     2
    Use: Scroll            |     3 |     6 |     2 ||    11
         Potion            |       |       |     1 ||     1
   Stab: Sleeping          |    23 |    10 |       ||    33
 Armour: Skin              |    12 |    62 |     9 ||    83
  Dodge: Dodged            |    23 |    79 |    10 ||   112

Table legend: (Time is in decaauts)
 A = Elapsed time spent in this place.
 B = Non-inter-level travel time spent in this place.
 C = Inter-level travel time spent in this place.
 D = Time resting spent in this place.
 E = Time spent auto-exploring this place.
 F = Levels seen in this place.
 G = Mean time per level.
                   A        B        C        D        E       F      G
               +--------+--------+--------+--------+--------+-----+--------+
         Total |   3305 |   3040 |    265 |    167 |   2150 |   4 |  826.2 |
       Dungeon |   3305 |   3040 |    265 |    167 |   2150 |   4 |  826.2 |
               +--------+--------+--------+--------+--------+-----+--------+

Top non-repeatable levels by time:
     D:3: 1195 daAuts
     D:2: 941 daAuts
     D:1: 703 daAuts
     D:4: 465 daAuts

Levels and vault maps discovered:
D:1:      amcnicky_arrival_single_pillar, layout_basic
D:2:      minmay_skewed_foursquare, layout_rooms, minmay_liquid_box,
          nrook_mini_backslash, nicolae_twisty_statue_hallways, uniq_natasha,
          uniq_jessica
D:3:      layout_basic, serial_shops, shop, nicolae_book_shop_shelving, shop
D:4:      layout_cave_pools, eat_drink_and_be_merry_uskayaw,
          dk_yredelemnul_ordeal, serial_forest, infiniplex_forest_end_2,
          infiniplex_forest_lined_3_way, infiniplex_forest_clump_small,
          infiniplex_forest_fountain, infiniplex_forest_lined_ring,
          infiniplex_forest_clump_medium, infiniplex_forest_clump_long,
          infiniplex_forest_lined_2, nicolae_figureground_pulse, uniq_grinder,
          uniq_sigmund, uniq_ijyb

Table legend: (Time is in decaauts)
 A = Elapsed time spent in this place.
 B = Non-inter-level travel time spent in this place.
 C = Inter-level travel time spent in this place.
 D = Time resting spent in this place.
 E = Time spent auto-exploring this place.
 F = Levels seen in this place.
 G = Mean time per level.
                   A        B        C        D        E       F      G
               +--------+--------+--------+--------+--------+-----+--------+
         Total |   3305 |   3040 |    265 |    167 |   2150 |   4 |  826.2 |
       Dungeon |   3305 |   3040 |    265 |    167 |   2150 |   4 |  826.2 |
               +--------+--------+--------+--------+--------+-----+--------+

Top non-repeatable levels by time:
     D:3: 1195 daAuts
     D:2: 941 daAuts
     D:1: 703 daAuts
     D:4: 465 daAuts

Table legend:
 A = Kills in this place as a percentage of kills in the entire game.
 B = Kills by you in this place as a percentage of kills by you in the entire game.
 C = Kills by friends in this place as a percentage of kills by friends in the entire game.
 D = Other kills in this place as a percentage of other kills in the entire game.
 E = Experience gained in this place as a percentage of experience gained in the entire game.
 F = Experience gained in this place divided by the number of levels of this place that you have seen.
                   A       B       C       D       E      F
               +-------+-------+-------+-------+-------+----------------------
         Total | 100.0 | 100.0 |   N/A |   N/A | 100.0 | 224.5
       Dungeon | 100.0 | 100.0 |   N/A |   N/A | 100.0 | 224.5
               +-------+-------+-------+-------+-------+----------------------
